 Dungeon Crawl Stone Soup version 0.29-a0-825-g72347fce65 (webtiles) character file.

Game seed: 11029698732256535719

45100 Conn the Thaumaturge (level 14, -1/115 (121) HPs)
             Began as an Octopode Fire Elementalist on July 11, 2022.
             Was an Elder of Sif Muna.
             Engulfed by a cloud of flame (12 damage)
             ... on level 14 of the Dungeon.
             The game lasted 02:05:08 (23046 turns).

Conn the Thaumaturge (Octopode Fire Elementalist)  Turns: 23046, Time: 02:05:08

HP:   -1/115 (121)  AC: 27    Str: 14    XL:     14   Next: 31%
MP:   8/29          EV:  2    Int: 25    God:    Sif Muna [****..]
Gold: 944           SH: 10    Dex: 17    Spells: 4/36 levels left

rFire   + . .      SeeInvis .   b - staff of conjuration
rCold   . . .      Faith    .   x - +1 buckler
rNeg    . . .      Spirit   .   (helmet currently unavailable)
rPois   +          Reflect  +   G - amulet of reflection
rElec   .          Harm     .   u - ring of fire
rCorr   .          Rampage  .   z - ring of poison resistance
Will    +....      Clarity  +   J - ring of Xoygay {rPois rC+ Str+6 Int+4 Dex+4}
Stlth   ++++...... NoTele   +   (no ring)
HPRegen 0.29/turn               (no ring)
MPRegen 0.21/turn               (no ring)
                                (no ring)
                                (no ring)

@: tree-form, lightly drained
A: stationary, stasis, torment immunity, boosted hp, almost no armour,
(amphibious), 8 rings, (camouflage 1), (gelatinous body 1), (nimble swimmer 1),
(tentacles), (large bone plates 1), clarity
a: Renounce Religion, Channel Magic, Forget Spell, Divine Exegesis


You were on level 14 of the Dungeon.
You worshipped Sif Muna.
Sif Muna was greatly pleased with you.
You were a tree.
You visited 3 branches of the dungeon, and saw 21 of its levels.
You also visited: Bailey.

You collected 1558 gold pieces.
You spent 614 gold pieces at shops.

Inventory:

Hand Weapons
 a - a +3 dagger of freezing
 i - a +1 dagger of venom
 I - the +2 flail "Qenwonle" {vorpal, Will+ SInv}
   (You found it on level 4 of the Lair of Beasts)

   It inflicts extra damage upon your enemies.
   SInv:      It lets you see invisible.
   Will:      It increases your willpower.
Missiles
 m - 4 throwing nets
 F - a curare-tipped dart
Armour
 c - the +0 hat "Meenyc" (melded) {Will+ Dex+3}
   (You acquired it on level 10 of the Dungeon)

   Dex:       It affects your dexterity (+3).
   Will:      It increases your willpower.
 x - a +1 buckler (worn)
Magical Staves
 b - a staff of conjuration (weapon)
 q - a staff of cold
Jewellery
 h - an amulet of guardian spirit
 u - a ring of fire (left branch)
 z - a ring of poison resistance (right branch)
 G - an amulet of reflection (around neck)
 J - the ring of Xoygay (on tentacle) {rPois rC+ Str+6 Int+4 Dex+4}
   (You found it on level 4 of the Lair of Beasts)

   [ring of strength]

   Str:       It affects your strength (+6).
   Int:       It affects your intelligence (+4).
   Dex:       It affects your dexterity (+4).
   rC:        It protects you from cold.
   rPois:     It protects you from poison.
Wands
 f - a wand of iceblast (7)
 s - a wand of flame (6)
 y - a wand of light (2)
 C - a wand of polymorph (13)
 D - a wand of mindburst (14)
 E - a wand of charming (9)
Scrolls
 e - 2 scrolls of teleportation
 j - 2 scrolls of amnesia
 k - 2 scrolls of summoning
 l - a scroll of magic mapping
 v - 3 scrolls of poison
 L - 3 scrolls of fog {unknown}
 M - a scroll of immolation
 N - 2 scrolls of blinking
 Q - a scroll of identify
Potions
 d - a potion of magic
 g - a potion of cancellation
 n - 6 potions of flight
 r - 4 potions of mutation
 t - 3 potions of lignification
 B - a potion of might
 H - 3 potions of curing
 K - 2 potions of brilliance {unknown}
 O - 2 potions of invisibility {unknown}
 P - a potion of haste


   Skills:
 + Level 2.3 Fighting
 + Level 1.9 Short Blades
 + Level 4.1 Dodging
 + Level 7.4 Stealth
 + Level 0.7 Shields
 + Level 11.7 Spellcasting
 * Level 10.9 Conjurations
 + Level 3.1 Hexes
 + Level 4.0 Summonings
 * Level 3.6 Translocations
 + Level 11.4 Fire Magic
 * Level 5.2 Ice Magic
 + Level 2.7 Air Magic
 + Level 3.7 Poison Magic
 * Level 9.9 Invocations
 + Level 0.3 Evocations


You had 4 spell levels left.
You knew the following spells:

 Your Spells              Type           Power      Damage    Failure   Level
a - Foxfire               Conj/Fire      100%       2x1d9     1%          1
b - Blink                 Tloc           66%        N/A       1%          2
c - Inner Flame           Hex/Fire       67%        N/A       1%          3
d - Flame Wave            Conj/Fire      100%       2d17      1%          4
e - Scorch                Fire           100%       2d10      1%          2
f - Mephitic Cloud        Conj/Pois/Air  60%        N/A       1%          3
g - Summon Ice Beast      Ice/Summ       37%        N/A       9%          4
h - Iskenderun's Mystic   Conj/Tloc      67%        2d14      2%          4
i - Fireball              Conj/Fire      51%        3d20      1%          5
j - Sticky Flame          Conj/Fire      100%       2d11      1%          4

Your spell library contained the following spells:

 Spells                   Type           Power      Damage    Failure   Level
 Apportation              Tloc           66%        N/A       1%          1
 Magic Dart               Conj           100%       1d8       1%          1
 Summon Small Mammal      Summ           100%       N/A       1%          1
 Call Imp                 Summ           34%        N/A       1%          2
 Ensorcelled Hibernation  Hex/Ice        70%        N/A       1%          2
 Conjure Flame            Conj/Fire      100%       6-21      1%          3
 Poisonous Vapours        Pois/Air       60%        N/A       2%          2
 Lesser Beckoning         Tloc           33%        N/A       3%          3
 Necrotise                Necr           56%        1d6       5%          1
 Sandblast                Erth           28%        2d8       5%          1
 Sublimation of Blood     Necr           14%        N/A       9%          2
 Vampiric Draining        Necr           14%        2d7       17%         3
 Ice Form                 Ice/Tmut       27%        N/A       19%         4
 Corpse Rot               Necr/Pois/Air  25%        N/A       22%         4
 Petrify                  Tmut/Erth      14%        N/A       50%         4
 Iskenderun's Battlesphe  Conj           81%        2d13      1%          5
 Freezing Cloud           Conj/Ice/Air   31%        6-21      12%         5
 Irradiate                Conj/Tmut      29%        3d23      17%         5
 Manifold Assault         Tloc           33%        N/A       34%         5
 Summon Mana Viper        Hex/Summ       32%        N/A       34%         5
 Iron Shot                Conj/Erth      29%        9d6       67%         6
 Agony                    Necr           14%        N/A       83%         5
 Spellforged Servitor     Conj/Summ      33%        N/A       92%         7
 Simulacrum               Ice/Necr       13%        N/A       96%         6
 Monstrous Menagerie      Summ           17%        N/A       100%        7
 Shatter                  Erth           7%         3d9*      100%        9


Dungeon Overview and Level Annotations

Branches:
Dungeon (15/15)            Temple (0/1) D:7            Lair (5/6) D:9
 Shoals (0/4) Lair:2        Snake (0/4) Lair:3          Orc (2/2) D:9
    Elf (0/3) Orc:2        Depths (0/4) D:15         Bailey (visited)
  Slime: Lair:5-6    Vaults: D:13-14

Altars:
Ashenzari
Cheibriados
Dithmenos
Elyvilon
Hepliaklqana
Makhleb
Okawaru
Qazlal
Sif Muna
Trog
Vehumet
Wu Jian
Yredelemnul
The Shining One

Shops:
D:5 *   D:9 *   D:11 *   Orc:1 *

Annotations:
D:4 exclusion: statue
Orc:2 Azrael, Donald


Innate Abilities, Weirdness & Mutations

You are a tree.
Your roots penetrate the ground, keeping you stationary.
You cannot be teleported.
You are immune to unholy pain and torment.
Your maximum health is greatly increased.
You cannot wear most types of armour.
((You are amphibious.))
You can wear up to eight rings at the same time.
((Your skin changes colour to match your surroundings (Stealth+).))
((Your rubbery body absorbs attacks. (AC +1, EV +1)))
((You are camouflaged when in or above water. (Stealth+)))
((You have tentacles for arms and can constrict up to eight enemies at once.))
((You are partially covered in large bone plates. (SH +4)))
You possess an exceptional clarity of mind.


Message History

Your white ugly thing is engulfed in blazing flames.
Your white ugly thing headbutts the centaur warrior zombie but does no damage.
The centaur warrior skeleton misses your white ugly thing.
The centaur warrior skeleton kicks your white ugly thing.
The centaur warrior skeleton is engulfed in blazing flames.
You block the centaur warrior skeleton's attack.
The centaur warrior skeleton kicks you but does no damage.
The centaur warrior zombie hits your white ugly thing!
Your white ugly thing dies!
Your white ugly thing's corpse dissolves into shadows!
The centaur warrior zombie is engulfed in blazing flames.
The centaur warrior skeleton hits you.
* * * LOW HITPOINT WARNING * * *
The centaur warrior skeleton kicks you.
* * * LOW HITPOINT WARNING * * *
The eidolon hits you!
* * * LOW HITPOINT WARNING * * *
You block the eidolon's attack.
Okay, then.
Okay, then.
Okay, then.
Unknown command.
Okay, then.
Unknown command.
Unknown command.
A wave of flame ripples out!
The flame wave engulfs the centaur warrior skeleton!!
The centaur warrior skeleton is severely damaged.
The flame wave engulfs the centaur warrior skeleton!!
You destroy the centaur warrior skeleton!
Sif Muna accepts your kill.
The flame wave engulfs the centaur warrior zombie!
The centaur warrior zombie is severely damaged.
The flame wave engulfs the eidolon!!
You destroy the eidolon!
Sif Muna accepts your kill.
The flame wave engulfs the centaur warrior zombie.
The centaur warrior zombie is moderately damaged.
You are engulfed in blazing flames.
You resist.
You die...

.#.# .#.# ## ####.#.# ..
....#.# # #.
#.##.######.### #..
#.............#
#..###.####...####.##.#
##.#......###.Z☼..#......#
.......>.###.♣Z§.........#
##.##.#.###..☼.ZZ..#######
#.............Z......#
###.###..............# #.#
##.....######§W# #.#
##....# .Z# .#. ##...# ..#
# # #####


.zZ ..## You could see 2 centaur warrior zombies and 3 centaur warrior
skeletons.

Vanquished Creatures
  Gastronok (Lair:1)
  The ghost of Irottois the Severer, an adept GrBe of Trog (Orc:1)
  An eidolon (D:14)
  An ettin (Orc:1)
  Erolcha (Orc:1)
  A hydra (D:12)
  3 boulder beetles
  8 two-headed ogres
  The ghost of Mandevil the Skirmisher, a novice HuHu of Fedhas (D:8)
  Nergalle (Lair:3)
  A phantasmal warrior (D:14)
  2 orc knights
  A cyclops (D:15)
  3 manticores
  A centaur zombie (D:14)
  5 black mambas
  Maggie (D:10)
  5 cane toads
  2 centaur skeletons (D:14)
  An unseen horror (D:12)
  Psyche (D:8)
  2 rime drakes
  A freezing wraith (D:15)
  8 komodo dragons
  3 trolls
  A wind drake (Lair:2)
  11 blink frogs
  A dream sheep (Lair:2)
  2 flying skulls (D:14)
  A shadow (D:12)
  A ynoxinul (D:8)
  2 water elementals (D:15)
  2 wraiths
  5 wyverns
  A vampire (D:12)
  A fire elemental (Orc:1)
  9 basilisks
  35 yaks
  Grum (Lair:1)
  4 vampire mosquitoes
  3 nagas (Lair:3)
  3 wargs (Orc:1)
  Duvessa (D:4)
  11 water moccasins
  A nameless horror (Lair:4)
  20 orc warriors
  3 sky beasts
  4 ice beasts
  3 black bears
  4 centaurs
  4 ogres
  4 wolves (Lair:1)
  3 phantoms
  2 kobold brigands
  3 gnoll sergeants
  13 bullfrogs
  A necrophage (D:7)
  3 scorpions
  3 wights (D:8)
  Dowan (D:4)
  3 electric eels
  5 howler monkeys
  3 jellies
  3 gnoll boudas
  8 orc priests
  3 hounds (D:5)
  3 iguanas
  15 orc wizards
  29 gnolls
  11 adders
  3 white imps
  3 ufetubi
  2 worms (D:3)
  3 dart slugs
  65 orcs
  10 ball pythons
  2 bats
  6 endoplasms
  3 giant cockroaches
  15 goblins
  3 hobgoblins
  4 jackals (D:4)
  17 kobolds
  7 quokkas
  2 frilled lizards (D:2)
  4 rats
455 creatures vanquished.

Vanquished Creatures (collateral kills)
  A phantasmal warrior (D:14)
  2 wolf spider zombies (D:14)
  A centaur zombie (D:14)
  A cane toad (shapeshifter) (D:15)
  An orc warrior (Orc:1)
  20 foxfires
26 creatures vanquished.

Vanquished Creatures (others)
  A wyvern (Lair:2)
  An orc (Orc:2)
  A quokka (D:11)
  1348 foxfires
  23 fungi
  58 plants
  2 withered plants (D:15)
1434 creatures vanquished.

Grand Total: 1915 creatures vanquished

Notes
Turn   | Place    | Note
-------+----------+-------------------------------------------
     0 | D:1      | Conn the Octopode Fire Elementalist began the quest for the
                  | Orb.
     0 | D:1      | Reached XP level 1. HP: 11/11 MP: 3/3
    54 | D:1      | Reached XP level 2. HP: 10/17 MP: 0/5
   582 | D:1      | Found a faded altar of an unknown god.
   945 | D:2      | Reached XP level 3. HP: 21/21 MP: 4/6
   951 | D:2      | Learned a level 2 spell: Scorch
   955 | D:2      | Learned a level 3 spell: Conjure Flame
   976 | D:2      | Found a shimmering blue altar of Sif Muna.
   989 | D:2      | Became a worshipper of Sif Muna the Loreminder
  1358 | D:2      | Reached XP level 4. HP: 27/27 MP: 7/7
  1814 | D:3      | Reached XP level 5. HP: 14/32 MP: 3/9
  2338 | D:3      | Reached * piety under Sif Muna
  2486 | D:3      | Found a shimmering blue altar of Sif Muna.
  2842 | D:3      | Learned a level 3 spell: Inner Flame
  2898 | D:4      | Noticed Duvessa
  2898 | D:4      | Noticed a phantom
  2902 | D:4      | Killed a phantom
  2903 | D:4      | Reached XP level 6. HP: 37/37 MP: 1/11
  3039 | D:4      | Reached skill level 5 in Stealth
  3320 | D:4      | Reached ** piety under Sif Muna
  3321 | D:4      | Reached skill level 5 in Fire Magic
  3321 | D:4      | Reached XP level 7. HP: 42/42 MP: 12/12
  3485 | D:4      | Noticed Dowan
  3493 | D:4      | Killed Duvessa
  3496 | D:4      | Killed Dowan
  3641 | D:4      | Found a radiant altar of Vehumet.
  3648 | D:4      | Learned a level 4 spell: Flame Wave
  3653 | D:4      | Reached skill level 1 in Invocations
  4092 | D:5      | Entered Level 5 of the Dungeon
  4117 | D:5      | Reached XP level 8. HP: 47/47 MP: 6/14
  4405 | D:5      | Found Girphaygu's Assorted Antiques.
  4724 | D:5      | Learned a level 3 spell: Mephitic Cloud
  4831 | D:6      | Reached skill level 1 in Short Blades
  4831 | D:6      | Reached skill level 5 in Spellcasting
  4831 | D:6      | Reached skill level 1 in Ice Magic
  5202 | D:6      | Reached skill level 1 in Air Magic
  5258 | D:6      | Reached *** piety under Sif Muna
  5276 | D:6      | Reached skill level 1 in Poison Magic
  5410 | D:6      | Reached XP level 9. HP: 35/52 MP: 7/16
  6427 | D:7      | Found a broken altar of Ashenzari.
  6430 | D:7      | Found a bloodstained altar of Trog.
  6450 | D:7      | Found a basalt altar of Yredelemnul.
  6470 | D:7      | Found a glowing golden altar of the Shining One.
  6594 | D:7      | Found an ornate altar of the Wu Jian Council.
  6672 | D:7      | Found a staircase to the Ecumenical Temple.
  6891 | D:8      | Found a flagged portal.
  7070 | D:8      | Found a white marble altar of Elyvilon.
  7071 | D:8      | Noticed Psyche
  7296 | D:8      | Reached skill level 5 in Conjurations
  7381 | D:8      | Reached **** piety under Sif Muna
  7425 | D:8      | Found a runed translucent door.
  7432 | D:8      | Noticed Mandevil's ghost (novice HuHu)
  7517 | Bailey   | Entered a bailey
  7548 | Bailey   | Reached XP level 10. HP: 57/57 MP: 5/19
  7701 | Bailey   | Noticed an orc knight
  7730 | Bailey   | Reached skill level 1 in Fighting
  8025 | Bailey   | Killed an orc knight
  8165 | Bailey   | Got the Cyclopedia of the Blizzard
  8341 | D:8      | Killed Psyche
  8342 | D:8      | Reached skill level 5 in Invocations
  9039 | D:8      | Learned a level 4 spell: Summon Ice Beast
  9057 | D:8      | Killed Mandevil's ghost
  9058 | D:8      | Reached skill level 1 in Hexes
  9058 | D:8      | Reached skill level 1 in Summonings
  9179 | D:8      | Got Lehudib's Incunable of the Rocks
  9242 | D:9      | Gained mutation: You possess an exceptional clarity of
                  | mind. [potion of mutation]
  9242 | D:9      | Gained mutation: You are partially covered in large bone
                  | plates. (SH +4) [potion of mutation]
  9243 | D:9      | Reached XP level 11. HP: 20/63 MP: 0/21
  9710 | D:9      | Found a staircase to the Orcish Mines.
  9719 | D:9      | Found Aressereadd's Assorted Antiques.
  9727 | D:9      | Bought a dented lapis lazuli amulet for 130 gold pieces
  9756 | D:9      | Noticed a two-headed ogre
  9780 | D:9      | Killed a two-headed ogre
  9817 | D:9      | Found a staircase to the Lair.
 10114 | D:9      | Found a shadowy altar of Dithmenos.
 10240 | D:9      | Reached ***** piety under Sif Muna
 10240 | D:9      | Received a gift from Sif Muna
 10388 | D:9      | Got Sif Muna's Textbook on the Barrage {god gift}
 10419 | D:9      | Learned a level 4 spell: Iskenderun's Mystic Blast
 10985 | Orc:1    | Entered Level 1 of the Orcish Mines
 10985 | Orc:1    | Found a transporter.
 10989 | Orc:1    | Noticed a two-headed ogre
 10989 | Orc:1    | Noticed Irottois's ghost (adept GrBe)
 10990 | Orc:1    | Found a transporter.
 10990 | Orc:1    | Noticed an ettin
 10990 | Orc:1    | Noticed a two-headed ogre
 10991 | Orc:1    | Noticed a two-headed ogre
 11046 | Orc:1    | Noticed Erolcha
 11056 | Orc:1    | Killed Erolcha
 11639 | Orc:1    | Found Umitolon's Assorted Antiques.
 11825 | Orc:1    | Bought a potion of heal wounds for 120 gold pieces
 11948 | Orc:2    | Entered Level 2 of the Orcish Mines
 11951 | Orc:2    | Found a burning altar of Makhleb.
 12344 | D:5      | Bought a twisted glowing staff for 264 gold pieces
 12498 | Orc:1    | Killed a two-headed ogre
 12498 | Orc:1    | Killed a two-headed ogre
 12499 | Orc:1    | Reached XP level 12. HP: 42/70 MP: 4/24
 12502 | Orc:1    | Killed an ettin
 12510 | Orc:1    | Killed a two-headed ogre
 12535 | Orc:1    | Killed Irottois's ghost
 12709 | Orc:1    | Bought a scroll of identify for 48 gold pieces
 12763 | D:9      | Bought a scroll of identify for 52 gold pieces
 12768 | D:10     | Entered Level 10 of the Dungeon
 12794 | D:10     | Found a snail-covered altar of Cheibriados.
 12794 | D:10     | Found a hazy altar of Hepliaklqana.
 12939 | D:10     | Noticed a two-headed ogre
 12945 | D:10     | Killed a two-headed ogre
 13079 | D:10     | Found a stormy altar of Qazlal.
 13082 | D:10     | Identified a scroll of acquirement
 13082 | D:10     | Acquired the +0 hat "Meenyc" {Will+ Dex+3}
 13188 | D:10     | Noticed Maggie
 13198 | D:10     | Killed Maggie
 13357 | D:10     | Noticed a two-headed ogre
 13367 | D:10     | Killed a two-headed ogre
 13368 | D:10     | Reached skill level 10 in Fire Magic
 13632 | D:10     | Learned a level 5 spell: Fireball
 13684 | Lair:1   | Entered Level 1 of the Lair of Beasts
 13684 | Lair:1   | Noticed Grum
 13701 | Lair:1   | Killed Grum
 14303 | Lair:1   | Noticed Gastronok
 14628 | Lair:1   | Killed Gastronok
 14791 | Lair:1   | Reached skill level 10 in Spellcasting
 15010 | Lair:1   | Reached XP level 13. HP: 74/74 MP: 19/27
 15204 | Lair:1   | Identified the +2 plate armour "Xioqol" {Int+3}
 15513 | Lair:2   | You fall into a shaft and drop 1 floor!
 16479 | Lair:2   | Found a staircase to the Shoals.
 17325 | Lair:3   | Learned a level 4 spell: Sticky Flame
 17396 | Lair:3   | Noticed Nergalle
 17414 | Lair:3   | Reached skill level 10 in Conjurations
 17417 | Lair:3   | Killed Nergalle
 17669 | Lair:4   | Identified the +2 flail "Qenwonle" {vorpal, Will+ SInv}
 17837 | Lair:4   | Reached skill level 1 in Translocations
 18007 | Lair:4   | Learned a level 2 spell: Blink
 18571 | Lair:4   | Identified the ring of Xoygay {rPois rC+ Str+6 Int+4 Dex+4}
 19092 | Lair:3   | Found a staircase to the Snake Pit.
 20472 | Orc:2    | Noticed Azrael
 20472 | Orc:2    | Noticed Donald
 20472 | Orc:2    | Found a staircase to the Elven Halls.
 20761 | D:11     | Found Dyvath's Assorted Antiques.
 21376 | D:11     | Found a white marble altar of Elyvilon.
 21504 | D:11     | Received a gift from Sif Muna
 21864 | D:12     | Reached XP level 14. HP: 81/81 MP: 13/29
 22249 | D:12     | Found an iron altar of Okawaru.
 22610 | D:12     | You fall into a shaft and drop 3 floors!
 22610 | D:15     | Entered Level 15 of the Dungeon
 22911 | D:15     | Reached skill level 5 in Ice Magic
 23040 | D:14     | HP: 3/114 [spore (19)]
 23046 | D:14     | Engulfed by a cloud of flame

Illustrated notes

Levels and vault maps discovered:
D:1:      mrwooster_arrival_statue_2, layout_loops_ring, basic_ecumenical_altar
D:2:      layout_loops_cross, basic_altar
D:3:      minmay_diamond_boxcup, layout_basic,
          mainiacjoe_overflow_small_starburst, minmay_strange_pillars,
          kennysheep_donut, minmay_circle_x
D:4:      layout_basic, vehumet_statue, uniq_duvessa
D:5:      layout_rooms, serial_shops, nicolae_shop_advertising_works
          [nicolae_subvault_shop_adworks]
D:6:      layout_loops_corners, portal_sewer_entry_d
D:7:      layout_cave_pools, nicolae_wu_jian_glorious_leap,
          yredelemnul_altar_generic, nicolae_overflow_hidden_temple,
          minmay_temple_entry_poolview
D:8:      layout_basic, mainiacjoe_overflow_concentric_impassable,
          hellmonk_ghost_big_iron, enter_bailey_3, uniq_psyche
D:9:      layout_basic, overflow_temple_1_default, minmay_lair_entry_grove,
          orc_0_dummy, nicolae_stop_n_shop_1
D:10:     layout_roguey, mainiacjoe_overflow_large_starburst,
          grunt_qazlal_sundering, uniq_maggie
D:11:     layout_roguey [special_room_orc], serial_shops, nicolae_stop_n_shop_2,
          elyvilon_altar_4
D:12:     layout_big_octagon, serial_column_ruins, column_ruins_open_tiny,
          column_ruins_columns_corner, column_ruins_grid_4,
          column_ruins_open_tiny, column_ruins_columns_dead_end,
          minmay_misc_feat_x, minmay_misc_feat_enclosed,
          okawaru_ov_weapons_minmay
D:14:     hangedman_screamer, layout_loops_ring, serial_shops,
          nicolae_take_the_stairs, chequers_jeans
D:15:     gammafunk_depths_entry_grave, layout_basic, serial_bayou_lake_a,
          uniq_kirke, uniq_jorgrun
Lair:1:   layout_small_grid, dpeg_stationary_puzzle, grunt_megastairs_4,
          uniq_gastronok, uniq_grum
Lair:2:   layout_long_grid, minmay_shoals_entry_beasts,
          hangedman_lair_generics_rect, serial_bayou_shore_b
Lair:3:   layout_regular_city, guppyfry_snake_entry_garden, grunt_megastairs_3,
          uniq_nergalle
Lair:4:   layout_regular_city, serial_bayou_shore_b, infiniplex_staircase_pool_2
Lair:5:   layout_cave_shapes, slime_entry_2, nicolae_volcano_entry_two_sided
Orc:1:    layout_diamond_mine, serial_shops, nicolae_shop_overgrown_old_shop,
          portal_ice_cave_entry_animals_and_master, gammafunk_ghost_smash,
          david_defended_altar_orc, uniq_erolcha
Orc:2:    kennysheep_orc_mage_school, layout_diamond_mine, basic_altar,
          bloody_makhleb, uniq_azrael, uniq_urug, uniq_donald

Skill      XL: |  1  2  3  4  5  6  7  8  9 10 11 12 13 14 |
---------------+-------------------------------------------+-----
Stealth        | 3 4 5 6 7 |  7.4
Fire Magic     | 4 5 6 7 8 9 10 11 | 11.4
Spellcasting   | 3 4 5 6 7 8 10 11 | 11.7
Conjurations   | 2 3 4 5 7 8 9 10 | 10.9
Invocations    | 1 3 4 6 7 8 9 |  9.9
Short Blades   | 1 |  1.9
Ice Magic      | 1 3 4 5 |  5.2
Air Magic      | 1 2 |  2.7
Dodging        | 3 4 |  4.1
Poison Magic   | 1 3 |  3.7
Fighting       | 1 2 |  2.3
Hexes          | 1 2 3 |  3.1
Summonings     | 2 3 4 |  4.0
Translocations | 2 3 |  3.6
Shields        | |  0.7
Evocations     | |  0.3

Action                   |  1- 3 |  4- 6 |  7- 9 | 10-12 | 13-15 || total
-------------------------+-------+-------+-------+-------+-------++-------
Melee: Tentacles         |     6 |     4 |    13 |     8 |     8 ||    39
       Constrict         |     5 |     8 |     8 |     3 |     3 ||    27
       Unarmed           |     3 |       |       |       |       ||     3
       Dagger            |    13 |    34 |    38 |    39 |     7 ||   131
       Whip              |     2 |       |       |       |       ||     2
       Punch             |       |       |     2 |     2 |       ||     4
       Staff             |       |       |       |     3 |    15 ||    18
 Cast: Foxfire           |    31 |    44 |   166 |   329 |   205 ||   775
       Scorch            |       |    12 |    53 |    74 |   127 ||   266
       Inner Flame       |       |     1 |     6 |    46 |    23 ||    76
       Conjure Flame     |       |       |     3 |    13 |       ||    16
       Flame Wave        |       |       |     2 |     3 |    11 ||    16
       Mephitic Cloud    |       |       |     1 |    11 |    29 ||    41
       Iskenderun's Myst |       |       |       |     4 |    21 ||    25
       Summon Ice Beast  |       |       |       |     2 |    14 ||    16
       Sticky Flame      |       |       |       |       |     4 ||     4
       Fireball          |       |       |       |       |     6 ||     6
       Blink             |       |       |       |       |     3 ||     3
Invok: Channel Magic     |       |       |     1 |     3 |     5 ||     9
Evoke: Wand              |       |       |     1 |     9 |     8 ||    18
  Use: Scroll            |       |       |     5 |    17 |    10 ||    32
       Potion            |       |       |     8 |     4 |     6 ||    18
 Stab: Sleeping          |     5 |    15 |     5 |     2 |     4 ||    31
       Distracted        |       |     1 |       |     1 |       ||     2
       Confused          |       |       |       |     1 |     1 ||     2
Armor: Skin              |       |     3 |     3 |       |    28 ||    34
Dodge: Dodged            |     6 |    25 |    26 |    27 |    39 ||   123
Block: Other             |       |       |       |    19 |     7 ||    26
       Buckler           |       |       |       |       |    65 ||    65
       Reflection        |       |       |       |       |     2 ||     2

Table legend: (Time is in decaauts)
 A = Elapsed time spent in this place.
 B = Non-inter-level travel time spent in this place.
 C = Inter-level travel time spent in this place.
 D = Time resting spent in this place.
 E = Time spent auto-exploring this place.
 F = Levels seen in this place.
 G = Mean time per level.
                   A        B        C        D        E       F      G
               +--------+--------+--------+--------+--------+-----+--------+
         Total |  22997 |  22247 |    750 |   1873 |  14649 |  22 | 1045.3 |
       Dungeon |  13852 |  13343 |    509 |    833 |   8810 |  14 |  989.4 |
          Lair |   6528 |   6384 |    144 |    389 |   4995 |   5 | 1305.6 |
  Orcish Mines |   1843 |   1746 |     97 |    651 |    343 |   2 |  921.5 |
        Bailey |    772 |    772 |      0 |      0 |    501 |   1 |  772.0 |
               +--------+--------+--------+--------+--------+-----+--------+

Top non-repeatable levels by time:
     D:9: 2095 daAuts
  Lair:1: 1971 daAuts
   Orc:1: 1785 daAuts
  Lair:2: 1603 daAuts
     D:8: 1561 daAuts
  Lair:4: 1476 daAuts
  Lair:3: 1457 daAuts
     D:3: 1302 daAuts
    D:11: 1262 daAuts
     D:6: 1161 daAuts
     D:4: 1005 daAuts
    D:10: 931 daAuts
     D:2: 906 daAuts
     D:5: 885 daAuts
     D:1: 876 daAuts
